 Dungeon Crawl Stone Soup version 0.28.0 (webtiles) character file.

Game seed: 119546078671414091

4 crazypyro the Chopper (level 1, 0/28 HPs)
             Began as a Hill Orc Berserker on Feb 10, 2022.
             Was a Follower of Trog.
             Slain by a quokka (1 damage)
             ... on level 1 of the Dungeon.
             The game lasted 00:00:52 (287 turns).

crazypyro the Chopper (Hill Orc Berserker)           Turns: 287, Time: 00:00:53

Health: 0/28       AC:  2    Str: 19    XL:     1   Next: 60%
Magic:  1/1        EV: 11    Int:  7    God:    Trog [*.....]
Gold:   11         SH:  0    Dex: 10    Spells: 0/0 levels left

rFire   . . .      SeeInvis .   a - +0 hand axe
rCold   . . .      Faith    .   (no shield)
rNeg    . . .      Spirit   .   b - +0 animal skin
rPois   .          Reflect  .   (no helmet)
rElec   .          Harm     .   (no cloak)
rCorr   .          Rampage  .   (no gloves)
Will    .....                   (no boots)
Stlth   ..........              (no amulet)
HPRegen 0.09/turn               (no ring)
MPRegen 0.07/turn               (no ring)

@: berserking, very quick
A: no striking features
a: Renounce Religion, Berserk


You were on level 1 of the Dungeon.
You worshipped Trog.
Trog was aware of your devotion.
You visited 1 branch of the dungeon, and saw 1 of its levels.

You collected 11 gold pieces.

Inventory:

Hand Weapons
 a - a +0 hand axe (weapon)
Armour
 b - a +0 animal skin (worn)
Scrolls
 c - a scroll of amnesia {unknown}
 d - a scroll of identify {unknown}
 e - a scroll of noise {unknown}


   Skills:
 - Level 3.6 Fighting
 + Level 4.4 Axes
 - Level 2.1 Armour
 - Level 1.5 Dodging


You couldn't memorise any spells.
You didn't know any spells.
Your spell library was empty.

Dungeon Overview and Level Annotations

Branches:
Dungeon (1/15)

Altars:


Message History

The hobgoblin closely misses you.
You barely miss the hobgoblin.
The goblin shouts!
A quokka comes into view.
The hobgoblin hits you.
You closely miss the hobgoblin. The hobgoblin misses you.
You barely miss the hobgoblin. The hobgoblin hits you.
You hit the hobgoblin.
The hobgoblin is almost dead.
The quokka twitches its whiskers.
The hobgoblin hits you.
You closely miss the hobgoblin.
The hobgoblin is almost dead.
You hit the goblin. The goblin misses you. The hobgoblin closely misses you.
The goblin hits you with a +0 club.
You closely miss the hobgoblin.
The hobgoblin is almost dead.
You closely miss the goblin. The hobgoblin misses you.
The goblin hits you with a +0 club.
You are too injured to fight recklessly!
You are too injured to fight recklessly!
You closely miss the hobgoblin.
The hobgoblin is almost dead.
You closely miss the goblin.
The hobgoblin hits you but does no damage.
The goblin closely misses you.
You barely miss the hobgoblin.
The hobgoblin is almost dead.
You barely miss the quokka. You hit the goblin but do no damage.
The quokka bites you but does no damage.
The hobgoblin hits you.
* * * LOW HITPOINT WARNING * * *
The goblin closely misses you. The quokka bites you.
* * * LOW HITPOINT WARNING * * *
A red film seems to cover your vision as you go berserk!
You feel yourself moving faster!
You feel mighty! The quokka barely misses you. The hobgoblin hits you.
* * * LOW HITPOINT WARNING * * *
The quokka bites you.
You die...

............#...........
............#...........
............#...........
#.?....................
#####.......##.#......
###...........##........
..............###.###...
......grg....## #..##...
.......@.....# ##.##...
.............### #.##...
...............# #.##...
...............# #..#...
...............####'##..
..........##...#........
...........#...#........
...........#...#........
.........#...#........


You could see a quokka, a hobgoblin and a goblin.

Vanquished Creatures
  A kobold (D:1)
  3 bats (D:1)
  A rat (D:1)
5 creatures vanquished.

Notes
Turn   | Place    | Note
-------+----------+-------------------------------------------
     0 | D:1      | crazypyro the Hill Orc Berserker began the quest for the
                  | Orb.
     0 | D:1      | Reached XP level 1. HP: 19/19 MP: 1/1
     3 | D:1      | Noticed an electric eel
   287 | D:1      | HP: 1/28 [hobgoblin (1)]
   287 | D:1      | Slain by a quokka

Illustrated notes

Levels and vault maps discovered:
D:1:      arrival_aquarium_a, layout_basic

Action                   || total
-------------------------++-------
Melee: Hand axe          ||    18
Invok: Berserk           ||     1
Armor: Animal skin       ||     8
Dodge: Dodged            ||    17
